 Dungeon Sprint DCSS version 0.31-a0-198-g2ad674f65e (webtiles) character file.

Game seed: 14241046745175999390

30702 Conn the Scorcher (level 13, -1/79 HPs)
             Began as an Octopode Fire Elementalist on June 25, 2023.
             Was a Believer of Sif Muna.
             Killed by an exploding ball lightning (47 damage)
             ... in the Dungeon (Sprint I: "Red Sonja").
             The game lasted 01:25:26 (7071 turns).

Conn the Scorcher (Octopode Fire Elementalist)      Turns: 7071, Time: 01:25:27

Health: -1/79      AC: 19    Str:  1    XL:     13   Next: 53%
Magic:  3/43       EV: 19    Int: 25    God:    Sif Muna [**....]
Gold:   455        SH:  0    Dex: 26    Spells: 1/47 levels left

rFire   . . .        j - +0 dagger (venom)
rCold   + + +        (no shield)
rNeg    + . .        (helmet restricted)
rPois   +            A - amulet of the acrobat
rElec   .            o - ring "Ziwn" {rPois rC++ rN+ AC+4 Str-3}
rCorr   +            C - ring of willpower
SInv    .            q - ring of wizardry
Will    ++...        d - ring of wizardry
Stlth   ++++         r - ring "Temixoac" {rC+ rCorr Str-4 Int+3 Dex+6}
HPRegen 0.33/turn    s - ring "Icauc" {Will+ MP+9 Dex+2}
MPRegen 0.28/turn    t - +4 ring of protection
                     a - +6 ring of dexterity

%: no teleportation, acrobat, wizardry (x2)
@: ice-armoured, hasted, invisible, very quick
A: almost no armour, amphibious, 8 rings, camouflage 1, gelatinous body 1,
(nimble swimmer 1), tentacles, antennae 1, shaggy fur 1
a: Renounce Religion, Channel Magic


You were in the Dungeon.
You worshipped Sif Muna.
Sif Muna was pleased with you.
You visited 1 branch You collected 6319 gold pieces.
You spent 5864 gold pieces at shops.

Inventory:

Hand Weapons
 h - a +0 scythe
 j - a +0 dagger of venom (weapon)
Missiles
 k - 4 curare-tipped darts (quivered)
Jewellery
 a - a +6 ring of dexterity (on tentacle)
 d - a ring of wizardry (on tentacle)
 g - a ring of fire
 i - a ring of ice
 o - the ring "Ziwn" (left tentacle) {rPois rC++ rN+ AC+4 Str-3}
   (You bought it in a shop in the Dungeon)

   [ring of protection]

   AC:        It affects your AC (+4).
   Str:       It affects your strength (-3).
   rC:        It greatly protects you from cold.
   rPois:     It protects you from poison.
   rN:        It protects you from negative energy.
 p - a ring of protection from fire
 q - a ring of wizardry (on tentacle)
 r - the ring "Temixoac" (on tentacle) {rC+ rCorr Str-4 Int+3 Dex+6}
   (You bought it in a shop in the Dungeon)

   [ring of dexterity]

   Str:       It affects your strength (-4).
   Int:       It affects your intelligence (+3).
   Dex:       It affects your dexterity (+6).
   rC:        It protects you from cold.
   rCorr:     It protects you from acid and corrosion.
 s - the ring "Icauc" (on tentacle) {Will+ MP+9 Dex+2}
   (You bought it in a shop in the Dungeon)

   [ring of magical power]

   Dex:       It affects your dexterity (+2).
   MP:        It affects your magic capacity (+9).
   Will:      It increases your willpower.
 t - a +4 ring of protection (on tentacle)
 y - a ring of resist corrosion
 A - an amulet of the acrobat (around mantle)
 B - a +5 ring of evasion
 C - a ring of willpower (right tentacle)
Wands
 c - a wand of digging (1)
 e - a wand of paralysis (8)
Scrolls
 f - 6 scrolls of blinking
 l - a scroll of enchant weapon
 m - a scroll of revelation
 w - a scroll of fog
 x - a scroll of vulnerability
 z - a scroll of immolation
 D - a scroll of summoning
Potions
 b - 3 potions of curing
 n - a potion of might


   Skills:
 + Level 3.8 Fighting
 + Level 1.8 Short Blades
 + Level 3.9 Throwing
 + Level 7.2 Dodging
 - Level 3.6 Stealth
 - Level 0.6 Unarmed Combat
 * Level 17.8 Spellcasting
 * Level 12.2 Conjurations
 + Level 7.4 Hexes
 + Level 3.2 Summonings
 + Level 4.4 Translocations
 - Level 19.8 Fire Magic
 + Level 8.0 Ice Magic
 * Level 13.4 Invocations
 + Level 4.6 Evocations


You had one spell level left.
You knew the following spells:

 Your Spells              Type           Power      Damage    Failure   Level
a - Foxfire               Conj/Fire      100%       2x1d9     0%          1
b - Spellforged Servitor  Conj/Summ      28%        N/A       21%         7
c - Iskenderun's Mystic   Conj/Tloc      59%        2d12      1%          4
d - Orb of Destruction    Conj           35%        9d10      3%          7
e - Ignition              Fire           44%        3d13      1%          8
f - Summon Guardian Gole  Hex/Summ       48%        N/A       1%          3
g - Starburst             Conj/Fire      40%        6d11      1%          6
h - Fireball              Conj/Fire      40%        3d16      1%          5
i - Blink                 Tloc           88%        N/A       1%          2
k - Ozocubu's Armour      Ice            58%        N/A       1%          3

Your spell library contained the following spells:

 Spells                   Type           Power      Damage    Failure   Level
 Apportation              Tloc           88%        N/A       1%          1
 Freeze                   Ice            100%       1d10      1%          1
 Shock                    Conj/Air       100%       1d9       1%          1
 Slow                     Hex            100%       N/A       1%          1
 Scorch                   Fire           100%       2d9       0%          2
 Call Imp                 Summ           76%        N/A       1%          2
 Cigotuvi's Dreadful Rot  Necr/Pois/Air  44%        N/A       1%          2
 Lesser Beckoning         Tloc           88%        N/A       1%          2
 Momentum Strike          Conj/Tloc      100%       3d10      1%          2
 Passwall                 Tmut/Erth      18%        N/A       1%          2
 Poisonous Vapours        Pois/Air       44%        N/A       1%          2
 Wereblood                Tmut           22%        N/A       1%          2
 Frozen Ramparts          Ice            100%       1d16      1%          3
 Hailstorm                Conj/Ice       64%        3d14      1%          3
 Ignite Poison            Fire/Tmut/Pois 53%        N/A       1%          3
 Inner Flame              Hex/Fire       74%        N/A       1%          3
 Swiftness                Air            22%        N/A       1%          3
 Teleport Other           Tloc           44%        N/A       1%          3
 Volatile Blastmotes      Fire/Tloc      100%       2d18      1%          3
 Cause Fear               Hex            28%        N/A       1%          4
 Flame Wave               Conj/Fire      80%        2d17      1%          4
 Fulminant Prism          Conj/Hex       31%        3d15      1%          4
 Leda's Liquefaction      Hex/Erth       20%        N/A       1%          4
 Sticky Flame             Conj/Fire      80%        2d9       1%          4
 Summon Ice Beast         Ice/Summ       50%        N/A       1%          4
 Irradiate                Conj/Tmut      25%        3d20      1%          5
 Metabolic Englaciation   Hex/Ice        28%        N/A       1%          5
 Summon Mana Viper        Hex/Summ       48%        N/A       1%          5
 Plasma Beam              Fire/Air       32%        2x1d45    1%          6
 Summon Lightning Spire   Summ/Air       30%        N/A       3%          4
 Summon Forest            Summ/Tloc      20%        N/A       3%          5
 Airstrike                Air            11%        2d(2-18)  6%          4
 Animate Dead             Necr           22%        N/A       6%          4
 Dispel Undead            Necr           22%        3d12      6%          4
 Olgreb's Toxic Radiance  Pois           22%        N/A       6%          4
 Alistair's Intoxication  Tmut/Pois      14%        N/A       16%         5
 Borgnjor's Vile Clutch   Necr/Erth      11%        N/A       16%         5
 Lee's Rapid Deconstruct  Erth           11%        3d8*      16%         5
 Dispersal                Tloc           22%        N/A       16%         6
 Simulacrum               Ice/Necr       21%        N/A       17%         6
 Fire Storm               Conj/Fire      40%        8d10      58%         9
 Death Channel            Necr           11%        N/A       61%         6
 Malign Gateway           Summ/Tloc      20%        N/A       65%         7
 Summon Hydra             Summ           19%        N/A       73%         7
 Lehudib's Crystal Spear  Conj/Erth      25%        10d7      94%         8
 Storm Form               Tmut/Air       11%        N/A       98%         7
 Disjunction              Tloc           22%        N/A       99%         8
 Summon Horrible Things   Summ           19%        N/A       100%        8
 Animate Armour           Summ/Erth      Unusable   N/A       N/A         4

Dungeon Overview and Level Annotations

Branches:
Dungeon (1/1)

Altars:
Cheibriados
Dithmenos
Elyvilon
Fedhas
Gozag
Hepliaklqana
Kikubaaqudgha
Makhleb
Nemelex Xobeh
Okawaru
Qazlal
Ru
Sif Muna
Trog
Uskayaw
Vehumet
Wu Jian
Xom
Yredelemnul
Zin
The Shining One
Jiyva
Lugonu

Shops:
D (:!?*[[?=[[:=??!!:*[[:

Annotations:
D Lom Lobon


Innate Abilities, Weirdness & Mutations

You cannot wear most types of armour.
You are amphibious.
You can wear up to eight rings at the same time.
Your skin changes colour to match your surroundings (Stealth+).
Your rubbery body absorbs attacks. (AC +1, EV +1)
((You are camouflaged when in or above water. (Stealth+)))
You have tentacles for arms and can constrict up to eight enemies at once.
You have a pair of small antennae on your head.
You are covered in fur. (AC +1)


Message History

Your spellforged servitor resists.
The blast of lightning engulfs the ball lightning.
The ball lightning completely resists.
Press: ? - help, v - describe, . - travel, g - get item
Here: Lom Lobon (heavily wounded, surrounded by restless winds, not watching you, ally target) Item here: a +0 trident.
The floor.
Unknown command.
Unknown command.
Casting: Ozocubu's Armour (safe; 1% risk of failure)
Confirm with . or Enter, or press ? or * to list all spells.
You erupt in a blast of force!
The ball lightning explodes!
The blast of lightning engulfs you!!
The blast of lightning engulfs Lom Lobon.
Lom Lobon completely resists.
The blast of lightning engulfs your spellforged servitor!
Your spellforged servitor resists.
Okay, then.
Casting: Iskenderun's Mystic Blast (safe; 1% risk of failure)
Confirm with . or Enter, or press ? or * to list all spells.
Okay, then.
You feel better.
You feel less invigorated.
Lom Lobon gestures.
Your spellforged servitor falters for a moment. 3 ball lightnings come into view.
Casting: Iskenderun's Mystic Blast (safe; 1% risk of failure)
Confirm with . or Enter, or press ? or * to list all spells.
Casting: Starburst (dangerous; 1% risk of failure)
Press: ? - help, Dir - look around, f - activate The bolt of fire misses the ball lightning.
The bolt of fire hits the ball lightning.
The ball lightning completely resists.
The bolt of fire hits Lom Lobon!
Lom Lobon resists.
Lom Lobon is heavily wounded.
The ball lightning explodes!
The blast of lightning engulfs the ball lightning.
The ball lightning completely resists.
The blast of lightning engulfs you!!!
Ouch! That really hurt!
You die...

#################################
§§.§'§§§.§.'..#.@+§§§.#..[§§§§§§#
§####§§...##..'*°#.§§§##)..§§§§§#
.#.###§§.#######°#.§§§§#####§.§§#
.#'#.###§#[..##*&#....§#...#&§§§#
##...#)#.##...#9.##..§§#.∩.#9§§§#
.#...###§.###.#|.≈###'##...#§9§§#
.'.....##)#)#.#..≈.)#(####'#§§§§#
.#.....#..###.#..≈.##'#§...##§§§#
.###''##.##...#..≈##§§§.§§..##..#


You could see Lom Lobon (gusty, ally target), 2 ball lightnings and a friendly
spellforged servitor (summoned, magic disrupted).

Vanquished Creatures
  the Lernaean hydra (D)
  A golden dragon (D)
  A deep elf master archer (D)
  A shadow dragon (D)
  3 fire giants (D)
  A daeva (D)
  A deep elf annihilator (D)
  A lorocyproca (D)
  A mummy priest (D)
  A hydra (D)
  2 centaur warriors (D)
  4 demonic crawlers (D)
  Sonja (D)
  A deep troll (D)
  A lindwurm (D)
  2 oklob plants (D)
  8 shining eyes (D)
  2 merfolk sirens (D)
  2 gargoyles (D)
  2 kobold demonologists (D)
  7 unseen horrors (D)
  A hellwing (D)
  A meliai (D)
  5 hornets (D)
  A slime creature (D)
  Sigmund (D)
  A yak (D)
  13 hogs (D)
  2 redbacks (D)
  7 floating eyes (D)
  An ogre (D)
  7 necrophages (D)
  8 jellies (D)
  Ijyb (D)
  A ball lightning (D)
  2 ballistomycete spores (D)
96 creatures vanquished.

Vanquished Creatures (others)
  A fire giant (D)
  12 ball lightnings (D)
  9 fire vortices (D)
  61 foxfires (D)
83 creatures vanquished.

Grand Total: 179 creatures vanquished

Notes
Turn   | Place    | Note
-------+----------+-------------------------------------------
     0 | D        | Conn the Octopode Fire Elementalist began the quest for the
                  | Orb.
     0 | D        | Reached XP level 1. HP: 11/11 MP: 3/3
     1 | D        | Noticed Ijyb
     9 | D        | Killed Ijyb
    10 | D        | Reached skill level 5 in Fire Magic
    10 | D        | Reached XP level 2. HP: 4/17 MP: 3/5
    10 | D        | Reached XP level 3. HP: 6/21 MP: 4/7
    19 | D        | Learned a level 2 spell: Scorch
    23 | D        | Learned a level 3 spell: Inner Flame
    75 | D        | Noticed an ogre
    88 | D        | Killed an ogre
    89 | D        | Reached skill level 1 in Fighting
    89 | D        | Reached skill level 7 in Fire Magic
    89 | D        | Reached skill level 1 in Evocations
    89 | D        | Reached XP level 4. HP: 21/28 MP: 0/10
   177 | D        | Learned a level 4 spell: Flame Wave
   177 | D        | Noticed Sigmund
   180 | D        | Killed Sigmund
   181 | D        | Reached skill level 5 in Spellcasting
   181 | D        | Reached skill level 9 in Fire Magic
   181 | D        | Reached XP level 5. HP: 24/33 MP: 5/13
   181 | D        | Reached XP level 6. HP: 28/38 MP: 5/14
   255 | D        | Found an ornate altar of the Wu Jian Council.
   255 | D        | Found a shimmering blue altar of Sif Muna.
   257 | D        | Found a radiant altar of Vehumet.
   261 | D        | Became a worshipper of Sif Muna the Loreminder
   292 | D        | Found Val Na Wosa's Magic Scroll Emporium.
   292 | D        | Found an ancient bone altar of Kikubaaqudgha.
   292 | D        | Found a hazy altar of Hepliaklqana.
   292 | D        | Found a stormy altar of Qazlal.
   292 | D        | Found a hide-covered altar of Uskayaw.
   292 | D        | Found a blossoming altar of Fedhas.
   292 | D        | Found a bloodstained altar of Trog.
   292 | D        | Found an iron altar of Okawaru.
   292 | D        | Found a basalt altar of Yredelemnul.
   292 | D        | Found a glowing golden altar of the Shining One.
   292 | D        | Found a snail-covered altar of Cheibriados.
   292 | D        | Found a sacrificial altar of Ru.
   292 | D        | Found a glowing silver altar of Zin.
   292 | D        | Found a shadowy altar of Dithmenos.
   292 | D        | Found a white marble altar of Elyvilon.
   292 | D        | Noticed a yak
   301 | D        | Killed a yak
   302 | D        | Reached skill level 5 in Dodging
   302 | D        | Reached skill level 1 in Hexes
   302 | D        | Reached skill level 11 in Fire Magic
   302 | D        | Reached XP level 7. HP: 45/45 MP: 7/17
   305 | D        | Found an opulent altar of Gozag.
   321 | D        | Found a sparkling altar of Nemelex Xobeh.
   364 | D        | Noticed Sonja
   369 | D        | Killed Sonja
   369 | D        | Reached * piety under Sif Muna
   370 | D        | Reached skill level 12 in Fire Magic
   370 | D        | Reached XP level 8. HP: 51/51 MP: 12/20
   441 | D        | Found Dueb's Weapon Boutique.
   472 | D        | Noticed a deep troll
   493 | D        | Killed a deep troll
   494 | D        | Reached skill level 1 in Throwing
   494 | D        | Reached skill level 13 in Fire Magic
   521 | D        | Found Ujuoluw's Armour Emporium.
   563 | D        | Found a burning altar of Makhleb.
   563 | D        | Found a viscous altar of Jiyva.
   563 | D        | Found a shimmering altar of Xom.
   563 | D        | Found a corrupted altar of Lugonu.
   563 | D        | Noticed a slime creature
   573 | D        | Killed a slime creature
   574 | D        | Reached skill level 14 in Fire Magic
   574 | D        | Reached XP level 9. HP: 56/56 MP: 11/22
   647 | D        | Noticed a kobold demonologist
   653 | D        | Paralysed by a floating eye for 4 turns
   654 | D        | Noticed a smoke demon
   658 | D        | Noticed a kobold demonologist
   660 | D        | Reached ** piety under Sif Muna
   661 | D        | Reached skill level 1 in Invocations
   664 | D        | Noticed a rust devil
   664 | D        | Killed a kobold demonologist
   665 | D        | Reached skill level 10 in Spellcasting
   667 | D        | Killed a kobold demonologist
   762 | D        | Noticed a centaur warrior
   763 | D        | Noticed a centaur warrior
   772 | D        | Killed a centaur warrior
   773 | D        | Reached skill level 5 in Conjurations
   781 | D        | Killed a centaur warrior
   781 | D        | Reached *** piety under Sif Muna
   782 | D        | Reached skill level 15 in Fire Magic
   782 | D        | Reached skill level 5 in Invocations
   782 | D        | Reached XP level 10. HP: 15/63 MP: 7/25
   963 | D        | Paralysed by a hornet for 2 turns
  1147 | D        | Noticed an oklob plant
  1326 | D        | Killed an oklob plant
  1395 | D        | Reached **** piety under Sif Muna
  1453 | D        | Reached ***** piety under Sif Muna
  1453 | D        | Received a gift from Sif Muna
  1592 | D        | Learned a level 4 spell: Sticky Flame
  1598 | D        | Noticed an unseen horror
  1599 | D        | Noticed an unseen horror
  1602 | D        | Killed an unseen horror
  1602 | D        | Killed an unseen horror
  1735 | D        | Received a gift from Sif Muna
  1743 | D        | Learned a level 3 spell: Summon Guardian Golem
  1752 | D        | Learned a level 8 spell: Ignition
  1760 | D        | Learned a level 7 spell: Orb of Destruction
  1785 | D        | Identified the +3 ring mail "Carhan" {Str-5 Int+5 Dex+2
                  | Stlth+}
  1793 | D        | Found Coade's Magic Scroll Shoppe.
  1793 | D        | Found Fadi's Antique Armour Shop.
  1793 | D        | Found Sihatefimy's Jewellery Boutique.
  1795 | D        | Found Ozulev's Antique Armour Emporium.
  1795 | D        | Found Orphugeck's Armour Shop.
  1795 | D        | Found Jeah's Book Shoppe.
  1795 | D        | Found Rybaq's Jewellery Boutique.
  1795 | D        | Found Okeidit's Magic Scroll Emporium.
  1795 | D        | Found Otanydee's Magic Scroll Shop.
  1795 | D        | Found Geaf's Distillery.
  1799 | D        | Found Kice's Distillery.
  1802 | D        | Found Uluotzor's General Store.
  1802 | D        | Found Zushirhu's Book Boutique.
  1803 | D        | Found Beef's Antique Armour Emporium.
  1822 | D        | Bought the ring "Ziwn" {rPois rC++ rN+ AC+4 Str-3} for 813
                  | gold pieces
  1888 | D        | Noticed a shining eye
  1888 | D        | Noticed a shining eye
  1888 | D        | Noticed a shining eye
  1889 | D        | Paralysed by a floating eye for 4 turns
  1895 | D        | Paralysed by a floating eye for 3 turns
  1904 | D        | Paralysed by a floating eye for 4 turns
  1913 | D        | Paralysed by a floating eye for 3 turns
  1918 | D        | Noticed a shining eye
  1918 | D        | Paralysed by a floating eye for 3 turns
  1923 | D        | Received a gift from Sif Muna
  1923 | D        | Paralysed by a floating eye for 2 turns
  1923 | D        | Gained mutation: Potions are less effective at restoring
                  | your health. [a shining eye]
  1929 | D        | Killed a shining eye
  1929 | D        | Killed a shining eye
  1930 | D        | Reached skill level 16 in Fire Magic
  1930 | D        | Reached XP level 11. HP: 68/68 MP: 7/27
  1930 | D        | Got Sif Muna's Quarto of Causimancy {god gift}
  1933 | D        | Killed a shining eye
  1934 | D        | Killed a shining eye
  1934 | D        | Noticed a shining eye
  1936 | D        | Noticed a shining eye
  1937 | D        | Noticed a shining eye
  1941 | D        | Killed a shining eye
  1942 | D        | Reached skill level 17 in Fire Magic
  1942 | D        | Killed a shining eye
  1942 | D        | Received a gift from Sif Muna
  1942 | D        | Killed a shining eye
  1943 | D        | Reached skill level 5 in Hexes
  2045 | D        | Noticed a shining eye
  2064 | D        | Killed a shining eye
  2065 | D        | Reached skill level 1 in Summonings
  2076 | D        | Found Ycvarum's Book Shoppe.
  2076 | D        | Found Xyceesoq's Assorted Antiques.
  2076 | D        | Found Yreda's Distillery.
  2076 | D        | Found Umelago's Antique Armour Boutique.
  2105 | D        | Bought a book of Spatial Translocations for 252 gold pieces
  2108 | D        | Learned a level 2 spell: Blink
  2112 | D        | Learned a level 3 spell: Hailstorm
  2164 | D        | Noticed a demonic crawler
  2164 | D        | Noticed a demonic crawler
  2164 | D        | Noticed a demonic crawler
  2164 | D        | Noticed a demonic crawler
  2291 | D        | Learned a level 6 spell: Starburst
  2298 | D        | Learned a level 5 spell: Fireball
  2317 | D        | Killed a demonic crawler
  2318 | D        | Reached skill level 1 in Ice Magic
  2402 | D        | Killed a demonic crawler
  2493 | D        | Killed a demonic crawler
  2687 | D        | Killed a demonic crawler
  2687 | D        | Received a gift from Sif Muna
  2688 | D        | Reached skill level 18 in Fire Magic
  2688 | D        | Got Sif Muna's Precepts of Blinking Evolution {god gift}
  2784 | D        | Reached skill level 10 in Invocations
  2846 | D        | Noticed a lindwurm
  2851 | D        | Killed a lindwurm
  2958 | D        | Received a gift from Sif Muna
  2959 | D        | Reached XP level 12. HP: 69/74 MP: 5/30
  2962 | D        | Got Sif Muna's Reference Book on Vexing Metamorphosis {god
                  | gift}
  3143 | D        | Noticed a 12-headed hydra
  3160 | D        | Killed a 12-headed hydra
  3167 | D        | Received a gift from Sif Muna
  3177 | D        | Learned a level 3 spell: Ozocubu's Armour
  3261 | D        | Noticed a deep elf annihilator
  3270 | D        | Reached skill level 5 in Ice Magic
  3271 | D        | Reached ****** piety under Sif Muna
  3272 | D        | Reached skill level 1 in Short Blades
  3273 | D        | Reached skill level 15 in Spellcasting
  3292 | D        | Received a gift from Sif Muna
  3293 | D        | Reached skill level 19 in Fire Magic
  3295 | D        | Got Sif Muna's Folio of Beckoning and the Tempest {god
                  | gift}
  3441 | D        | Killed a deep elf annihilator
  3538 | D        | Killed a mummy priest
  3702 | D        | Bought a ring of protection from fire for 250 gold pieces
  3907 | D        | Bought a ring of wizardry for 360 gold pieces
  3921 | D        | Bought a scroll of blinking for 90 gold pieces
  3921 | D        | Bought a scroll of blinking for 90 gold pieces
  3946 | D        | Learned a level 8 spell: Ignition
  3954 | D        | Learned a level 5 spell: Metabolic Englaciation
  4022 | D        | Noticed the 27-headed Lernaean hydra
  4037 | D        | Killed the 27-headed Lernaean hydra
  4038 | D        | Reached skill level 10 in Conjurations
  4073 | D        | Noticed a deep elf master archer
  4297 | D        | Got Aheitej's Commentary on Companions
  4299 | D        | Got the Elucidation of Collective Superposition
  4529 | D        | Bought a scroll of identify for 22 gold pieces
  4529 | D        | Bought a scroll of identify for 22 gold pieces
  4529 | D        | Bought a scroll of blinking for 82 gold pieces
  4536 | D        | Bought the ring "Temixoac" {rC+ rCorr Str-4 Int+3 Dex+6}
                  | for 695 gold pieces
  4541 | D        | Bought the ring "Icauc" {Will+ MP+9 Dex+2} for 368 gold
                  | pieces
  4541 | D        | Bought a +4 ring of protection for 360 gold pieces
  4552 | D        | Bought 2 potions of haste for 200 gold pieces
  4552 | D        | Bought a potion of heal wounds for 50 gold pieces
  4601 | D        | Bought a potion of mutation for 112 gold pieces
  4601 | D        | Lost mutation: Potions are less effective at restoring your
                  | health. [potion of mutation]
  4601 | D        | Gained mutation: You are covered in fur. (AC +1) [potion of
                  | mutation]
  4601 | D        | Gained mutation: You have a pair of small antennae on your
                  | head. [potion of mutation]
  4661 | D        | Killed a lorocyproca
  4989 | D        | Bought a book of Blasting for 440 gold pieces
  4995 | D        | Learned a level 4 spell: Iskenderun's Mystic Blast
  5051 | D        | Noticed a daeva
  5064 | D        | Received a gift from Sif Muna
  5065 | D        | Reached skill level 1 in Translocations
  5068 | D        | Got Sif Muna's Directory of the Gathering {god gift}
  5254 | D        | Reached XP level 13. HP: 79/79 MP: 31/33
  5306 | D        | Killed a daeva
  5507 | D        | Noticed a fire giant
  5518 | D        | Noticed a fire giant
  5518 | D        | Noticed a fire giant
  5544 | D        | Killed a fire giant
  5600 | D        | Killed a fire giant
  5770 | D        | Killed a fire giant
  5770 | D        | Received a gift from Sif Muna
  5771 | D        | Got Sif Muna's Secrets of Virous Amathomancy {god gift}
  5811 | D        | Noticed a fire giant
  5827 | D        | Killed a fire giant
  6047 | D        | Noticed a shadow dragon
  6047 | D        | Noticed a golden dragon
  6058 | D        | Killed a shadow dragon
  6207 | D        | Killed a golden dragon
  6272 | D        | Found Mehian's Book Shoppe.
  6373 | D        | Killed a deep elf master archer
  6532 | D        | Noticed Lom Lobon
  6713 | D        | Learned a level 7 spell: Orb of Destruction
  6723 | D        | Learned a level 7 spell: Spellforged Servitor
  6918 | D        | Bought a potion of haste for 130 gold pieces
  6922 | D        | Bought a scroll of fog for 48 gold pieces
  6928 | D        | Bought 3 scrolls of blinking for 270 gold pieces
  6928 | D        | Bought a scroll of blinking for 90 gold pieces
  6930 | D        | Bought a scroll of immolation for 48 gold pieces
  6934 | D        | Bought an amulet of the acrobat for 300 gold pieces
  6934 | D        | Bought a +5 ring of evasion for 360 gold pieces
  6934 | D        | Bought a ring of willpower for 250 gold pieces
  6948 | D        | Bought a scroll of summoning for 114 gold pieces
  6956 | D        | Bought a scroll of identify for 24 gold pieces
  6956 | D        | Bought a scroll of identify for 24 gold pieces
  7071 | D        | Killed by an exploding ball lightning

Illustrated notes

Levels and vault maps discovered:
D:        dungeon_sprint_1 [red_sonja_temple_1, red_sonja_temple_small_1]

Skill      XL: |  1  2  3  4  5  6  7  8  9 10 11 12 13 |
---------------+----------------------------------------+-----
Stealth        | 3 |  3.6
Fire Magic     | 5 7 9 11 12 14 15 16 18 19 | 19.8
Fighting       | 1 2 3 |  3.8
Dodging        | 3 4 5 6 7 |  7.2
Spellcasting   | 4 5 6 8 9 11 12 14 16 17 | 17.8
Evocations     | 1 2 3 4 |  4.6
Conjurations   | 2 3 6 7 8 10 12 | 12.2
Hexes          | 1 2 3 4 6 7 |  7.4
Throwing       | 1 3 |  3.9
Invocations    | 5 8 10 12 13 | 13.4
Summonings     | 2 3 |  3.2
Ice Magic      | 4 6 8 |  8.0
Short Blades   | 1 |  1.8
Translocations | 1 4 |  4.4
Unarmed Combat | |  0.6

Action                     |  1- 3 |  4- 6 |  7- 9 | 10-12 | 13-15 || total
---------------------------+-------+-------+-------+-------+-------++-------
  Melee: Unarmed           |     7 |       |       |       |       ||     7
         Tentacles         |     2 |       |       |     5 |       ||     7
         Constrict         |     1 |       |       |     7 |       ||     8
         Dagger            |       |       |       |    21 |       ||    21
  Throw: Dart              |       |       |     7 |     5 |     4 ||    16
   Cast: Scorch            |     3 |     5 |    10 |    40 |       ||    58
         Foxfire           |     2 |     3 |    12 |    20 |       ||    37
         Inner Flame       |       |     1 |     4 |    18 |       ||    23
         Flame Wave        |       |       |     4 |    13 |       ||    17
         Summon Guardian G |       |       |       |    14 |     7 ||    21
         Sticky Flame      |       |       |       |     2 |       ||     2
         Starburst         |       |       |       |    33 |    22 ||    55
         Fireball          |       |       |       |    20 |     3 ||    23
         Blink             |       |       |       |     5 |     1 ||     6
         Hailstorm         |       |       |       |     1 |    22 ||    23
         Ignition          |       |       |       |    11 |    10 ||    21
         Metabolic Englaci |       |       |       |     3 |     9 ||    12
         Ozocubu's Armour  |       |       |       |     1 |     8 ||     9
         Iskenderun's Myst |       |       |       |       |    13 ||    13
         Orb of Destructio |       |       |       |       |     7 ||     7
         Spellforged Servi |       |       |       |       |     4 ||     4
         Fire Storm        |       |       |       |       |     2 ||     2
 Invoke: Channel Magic     |       |       |       |     3 |     6 ||     9
         Forget Spell      |       |       |       |     6 |     2 ||     8
         Divine Exegesis   |       |       |       |       |     2 ||     2
  Evoke: Wand              |     5 |       |       |       |       ||     5
    Use: Potion            |     1 |       |       |     7 |     9 ||    17
         Scroll            |       |       |       |     8 |     5 ||    13
   Stab: Paralysed         |     2 |       |       |       |       ||     2
         Sleeping          |       |       |       |     1 |       ||     1
 Armour: Skin              |       |       |       |    15 |     6 ||    21
  Dodge: Dodged            |     3 |       |     8 |    47 |     3 ||    61

Table legend: (Time is in decaauts)
 A = Elapsed time spent in this place.
 B = Non-inter-level travel time spent in this place.
 C = Inter-level travel time spent in this place.
 D = Time resting spent in this place.
 E = Time spent auto-exploring this place.
 F = Levels seen in this place.
 G = Mean time per level.
                   A        B        C        D        E       F      G
               +--------+--------+--------+--------+--------+-----+--------+
         Total |   7024 |   6694 |    330 |   3709 |      0 |   1 | 7024.0 |
       Dungeon |   7024 |   6694 |    330 |   3709 |      0 |   1 | 7024.0 |
               +--------+--------+--------+--------+--------+-----+--------+

Top non-repeatable levels by time:
       D: 7024 daAuts
